 Dungeon Crawl Stone Soup version 0.31-a0-986-g5e6e4ef867 (webtiles) character file.

Game seed: 10424764800451580295

8771 Bradai the Severer (level 11, 0/89 HPs)
             Began as a Hill Orc Fighter on Nov 9, 2023.
             Was an Elder of Beogh.
             Succumbed to an orc warlord's poison
             ... on level 2 of the Orcish Mines.
             The game lasted 00:39:12 (9389 turns).

Bradai the Severer (Hill Orc Fighter)               Turns: 9389, Time: 00:39:13

Health: 0/89       AC: 23    Str: 25    XL:     11   Next: 36%
Magic:  17/17      EV: 11    Int: 10    God:    Beogh [****..]
Gold:   983        SH: 11    Dex: 19    Spells: 14/18 levels left

rFire   . . .        y - +6 war axe of Zin's Castigation {heavy, Str+3 Dex+3}
rCold   + . .        c - +0 buckler
rNeg    . . .        A - +7 Kryia's mail coat {PotionHeal*2 rC+}
rPois   .            k - +2 helmet
rElec   .            (no cloak)
rCorr   .            f - +1 pair of gloves
SInv    .            M - +2 pair of boots {Fly}
Will    .....        G - amulet of reflection
Stlth   +            T - ring "Toag" {Dex+6 Slay+5}
HPRegen 0.34/turn    (no ring)
MPRegen 0.15/turn

%: reflection
@: lethally poisoned (0 -> -35), flying
A: no striking features
a: Renounce Religion, Smiting, Recall Orcish Followers


You were on level 2 of the Orcish Mines.
You worshipped Beogh.
Beogh was greatly pleased with you.
You visited 3 branches of the dungeon, and saw 12 of its levels.
You also visited: Bailey.

You collected 1721 gold pieces.
You spent 738 gold pieces at shops.

Inventory:

Hand Weapons
 a - a +0 war axe
 y - the +6 war axe of Zin's Castigation (weapon) {heavy, Str+3 Dex+3}
   (You found it on level 3 of the Dungeon)

   Str+3:     It affects your strength (+3).
   Dex+3:     It affects your dexterity (+3).
 E - the +2 battleaxe of Toytuikk {flame, Dex+3}
   (You bought it in a shop on level 3 of the Dungeon)

   Dex+3:     It affects your dexterity (+3).
Missiles
 n - 5 throwing nets
 H - 27 boomerangs (quivered)
 R - 7 silver javelins
Armour
 c - a +0 buckler (worn)
 f - a +1 pair of gloves (worn)
 k - a +2 helmet (worn)
 A - the +7 Kryia's mail coat (worn) {PotionHeal*2 rC+}
   (You found it on level 4 of the Dungeon)

   PotionHeal*2: Potions heal its wearer twice as much.
   rC+:       It protects you from cold.
 I - a +2 robe of positive energy
 M - a +2 pair of boots of flying (worn)
Magical Staves
 j - a staff of death
Jewellery
 o - a ring of ice
 v - an amulet of guardian spirit
 G - an amulet of reflection (around neck)
 J - a ring of fire
 L - a ring of flight
 T - the ring "Toag" (left hand) {Dex+6 Slay+5}
   (You found it on level 9 of the Dungeon)

   [ring of dexterity]

   Dex+6:     It affects your dexterity (+6).
   Slay+5:    It affects your accuracy & damage with ranged weapons and melee
   (+5).
Talismans
 z - a serpent talisman
Wands
 C - a wand of charming (7)
 S - a wand of quicksilver (7)
Scrolls
 b - a scroll of enchant weapon
 e - 2 scrolls of enchant armour
 h - 2 scrolls of revelation
 l - 2 scrolls of vulnerability
 p - 2 scrolls of teleportation
 r - a scroll of poison {unknown}
 s - 2 scrolls of immolation
 w - a scroll of fear {unknown}
 x - a scroll of silence {unknown}
 D - 3 scrolls of noise {unknown}
Potions
 d - 3 potions of might
 g - a potion of attraction
 i - 4 potions of lignification
 m - 2 potions of mutation
 q - 2 potions of cancellation
 t - 2 potions of haste
 u - 7 potions of curing
 B - a potion of ambrosia
 F - 2 potions of brilliance
 K - 2 potions of enlightenment
 O - a potion of resistance
 Q - a potion of invisibility {unknown}
Miscellaneous
 N - a condenser vane


   Skills:
 + Level 6.2 Fighting
 + Level 17.1 Axes
 + Level 6.5 Armour
 + Level 2.6 Dodging
 + Level 1.1 Stealth
 + Level 5.0 Shields
 * Level 4.1 Spellcasting
 + Level 0.1 Conjurations
 * Level 2.8 Fire Magic
 * Level 3.8 Invocations


You had 14 spell levels left.
You knew the following spells:

 Your Spells              Type           Power      Damage    Failure   Level
a - Magic Dart            Conj           8%         1d3       52%         1
b - Ignite Poison         Fire/Tmut/Pois 4%         N/A       78%         3

Your spell library contained the following spells:

 Spells                   Type           Power      Damage    Failure   Level
 Necrotise                Necr           8%         1d4       54%         1
 Call Imp                 Summ           4%         N/A       69%         2
 Ensorcelled Hibernation  Hex/Ice        4%         N/A       69%         2
 Jinxbite                 Hex            4%         N/A       69%         2
 Hailstorm                Conj/Ice       2%         3d3       88%         3
 Mephitic Cloud           Conj/Pois/Air  2%         N/A       88%         3
 Stone Arrow              Conj/Erth      4%         3d7       88%         3
 Vampiric Draining        Necr           2%         2d6       89%         3
 Sticky Flame             Conj/Fire      5%         2d3       98%         4
 Anguish                  Hex/Necr       1%         N/A       100%        4
 Animate Armour           Summ/Erth      4%         N/A       100%        4
 Summon Ice Beast         Ice/Summ       2%         N/A       100%        4
 Agony                    Necr           2%         N/A       100%        5
 Simulacrum               Ice/Necr       1%         N/A       100%        6
 Ignition                 Fire           3%         3d4       100%        8
 Lehudib's Crystal Spear  Conj/Erth      1%         10d2      100%        8


Dungeon Overview and Level Annotations

Branches:
Dungeon (9/15)             Temple (1/1) D:5             Orc (2/2) D:9
    Elf (0/3) Orc:2        Bailey (visited)
   Lair: D:8-11

Altars:
Ashenzari
Dithmenos
Elyvilon
Fedhas
Gozag
Hepliaklqana
Kikubaaqudgha
Makhleb
Nemelex Xobeh
Okawaru
Qazlal
Ru
Sif Muna
Trog
Uskayaw
Vehumet
Wu Jian
Yredelemnul
Zin
The Shining One
Beogh
Jiyva

Shops:
D:1 =   D:3 (*:*   D:6 :   D:7 *   D:9 *(


Message History

Your orc hits the orc sorcerer but does no damage.
Your orc hits the orc warlord but does no damage.
The orc sorcerer hits your orc with a +0 dagger!
Unknown command.
You slash the orc warlord!
The orc warlord is moderately wounded.
You hear a shout!
The orc sorcerer hits your orc with a +0 dagger!
Your orc dies!
Your orc misses the orc sorcerer. The orc warlord barely misses you.
The orc warlord hits your orc warrior with a +3 battleaxe of venom!!!
Your orc warrior dies!
The orc warlord hits your orc with a +3 battleaxe of venom!!
Your orc dies!
The orc warlord hits your orc with a +3 battleaxe of venom!!
Your orc dies!
Unknown command.
You block the orc sorcerer's attack.
The orc warlord hits you with a +3 battleaxe of venom!!
You are poisoned.
The orc warlord hits your orc wizard with a +3 battleaxe of venom!!
Your orc wizard dies!
The orc knight hits you with a +1 battleaxe of freezing!!
The orc knight freezes you.
Items here: ( ))) [[[ ††.
Okay, then.
The +7 Kryia's mail coat enhances the healing.
You feel much better.
You feel very sick.
The orc sorcerer hits you but does no damage.
The orc warlord hits you with a +3 battleaxe of venom!
You are more poisoned.
The orc knight hits you with a +1 battleaxe of freezing!!
* * * LOW HITPOINT WARNING * * *
The orc knight freezes you!
* * * LOW HITPOINT WARNING * * *
As you read the scroll labelled XUISTE HOLL, it crumbles to dust.
The creatures around you are filled with an inner flame!
It was a scroll of immolation.
You die...

####............
......)).........
.................
.......<.....>...
.................
......)..........
.....)))......#
....)#)#o)....#
.....)))o@....#
.......)oo.....#
....).).)..#..#..
......#.)........
..#.....#.#....#
. #......###..##
.#.##.. .. ## ..
.#


You could see an orc warlord (inner flame, strong), an orc knight (inner flame,
strong), an orc sorcerer (inner flame, strong) and an orc warrior (inner flame,
strong).

Vanquished Creatures
  2 two-headed ogres
  Pikel (D:4)
  2 trolls
  Prince Ribbit (D:5)
  A culicivora (shapeshifter) (D:8)
  A vampire (D:9)
  2 yaks (D:9)
  A wyvern (D:9)
  3 steam dragons
  A warg (Orc:1)
  5 water moccasins
  14 orc warriors
  3 ice beasts
  2 black bears
  5 ogres
  2 centaurs
  4 phantoms
  2 kobold brigands
  A bullfrog (D:8)
  A scorpion (D:6)
  8 wights (D:8)
  A killer bee (D:9)
  5 jellies
  3 hounds
  6 orc priests
  A gnoll bouda (D:9)
  3 sleepcaps
  Ijyb (D:5)
  2 iguanas
  12 orc wizards
  Robin (D:2)
  6 gnolls
  12 adders
  A worm (D:3)
  4 dart slugs
  52 orcs
  3 bats
  8 endoplasms
  5 giant cockroaches
  20 goblins
  13 hobgoblins
  6 jackals
  3 quokkas
  9 ball pythons
  A frilled lizard (D:1)
  29 kobolds
  4 rats
273 creatures vanquished.

Vanquished Creatures (collateral kills)
  2 yaks (D:9)
  A gnoll sergeant (D:9)
  3 orc priests
  An orc wizard (Orc:2)
  A gnoll (D:9)
  6 orcs
  3 training dummies (D:9)
17 creatures vanquished.

Vanquished Creatures (others)
  An orc sorcerer (Orc:2)
  5 orc warriors
  2 orc wizards (Orc:2)
  2 orc priests
  21 orcs
31 creatures vanquished.

Grand Total: 321 creatures vanquished

Notes
Turn   | Place    | Note
-------+----------+-------------------------------------------
     0 | D:1      | Bradai the Hill Orc Fighter began the quest for the Orb.
     0 | D:1      | Reached XP level 1. HP: 19/19 MP: 1/1
    25 | D:1      | Reached XP level 2. HP: 27/27 MP: 2/2
    74 | D:1      | Reached skill level 3 in Axes
    87 | D:1      | Found Yvifab's Jewellery Shoppe.
   251 | D:1      | Reached XP level 3. HP: 33/33 MP: 3/3
   530 | D:2      | Reached skill level 1 in Spellcasting
   608 | D:2      | Reached XP level 4. HP: 37/40 MP: 5/5
   622 | D:2      | Noticed Robin
   628 | D:2      | Reached skill level 4 in Axes
   637 | D:2      | Killed Robin
  1169 | D:3      | Found Mufoack's Assorted Antiques.
  1186 | D:3      | Bought a scroll labelled TIOQ TU OJ ILIASO for 19 gold
                  | pieces
  1186 | D:3      | Bought a scroll labelled WAYSOM KUOXIE for 19 gold pieces
  1186 | D:3      | Bought a fizzy emerald potion for 17 gold pieces
  1186 | D:3      | Bought a scroll labelled AKUXUE EMAODGH for 19 gold pieces
  1186 | D:3      | Bought a fuming coppery potion for 17 gold pieces
  1186 | D:3      | Bought a scroll labelled XUISTE HOLL for 19 gold pieces
  1268 | D:3      | Found a sacrificial altar of Ru.
  1306 | D:3      | Found Tuxiady's General Store.
  1365 | D:3      | Found a large runed translucent door.
  1366 | D:3      | Found a large runed translucent door.
  1376 | D:3      | Identified the +6 war axe of Zin's Castigation {heavy,
                  | Str+3 Dex+3}
  1432 | D:3      | Found Jiaxis's Book Boutique.
  1512 | D:3      | Reached XP level 5. HP: 45/46 MP: 5/7
  1834 | D:3      | Found Hizeosoll's Antique Weapon Boutique.
  1983 | D:3      | Found a burning altar of Makhleb.
  1991 | D:3      | Found a hide-covered altar of Uskayaw.
  2043 | D:4      | Found the +7 Kryia's mail coat {PotionHeal*2 rC+}
  2061 | D:4      | Reached skill level 5 in Axes
  2189 | D:4      | Reached XP level 6. HP: 52/52 MP: 7/9
  2260 | D:4      | Noticed Pikel
  2264 | D:4      | Killed Pikel
  2265 | D:4      | Reached skill level 8 in Axes
  2265 | D:4      | Reached skill level 1 in Dodging
  2265 | D:4      | Reached XP level 7. HP: 57/60 MP: 10/10
  2316 | D:4      | Found a sparkling altar of Nemelex Xobeh.
  2434 | D:4      | Reached XP level 8. HP: 65/67 MP: 10/12
  2436 | D:4      | Learned a level 1 spell: Magic Dart
  2678 | D:5      | Entered Level 5 of the Dungeon
  2756 | D:5      | Found a shimmering blue altar of Sif Muna.
  2811 | D:5      | Noticed Ijyb
  2814 | D:5      | Killed Ijyb
  2837 | D:5      | Reached skill level 9 in Axes
  2873 | D:5      | Reached skill level 5 in Armour
  3028 | D:5      | Found a staircase to the Ecumenical Temple.
  3052 | Temple   | Entered the Ecumenical Temple
  3264 | D:5      | Reached skill level 10 in Axes
  3445 | D:5      | Found an opulent altar of Gozag.
  3793 | D:5      | Noticed Prince Ribbit
  3812 | D:5      | Killed Prince Ribbit
  3813 | D:5      | Reached skill level 5 in Fighting
  3813 | D:5      | Reached XP level 9. HP: 74/74 MP: 12/14
  3817 | D:5      | Learned a level 3 spell: Ignite Poison
  3820 | D:5      | Became a worshipper of Beogh the Brigand
  3837 | D:5      | Reached skill level 11 in Axes
  3856 | D:5      | Found a glowing golden altar of the Shining One.
  4457 | D:6      | Found Waewk's Book Boutique.
  4462 | D:6      | Reached skill level 12 in Axes
  4645 | D:6      | Reached * piety under Beogh
  4860 | D:6      | Reached skill level 13 in Axes
  5119 | D:7      | Found Arifoidd's CLEARANCE SALE!.
  5127 | D:7      | Bought a scroll of vulnerability for 20 gold pieces
  5127 | D:7      | Bought a scroll of identify for 10 gold pieces
  5175 | D:7      | Found a flagged portal.
  5186 | Bailey   | Entered a bailey
  5378 | Bailey   | Reached skill level 14 in Axes
  5383 | Bailey   | Reached XP level 10. HP: 74/81 MP: 15/15
  5565 | D:7      | Reached ** piety under Beogh
  5634 | D:7      | Found an ornate altar of the Wu Jian Council.
  5838 | D:7      | Reached skill level 15 in Axes
  6291 | D:3      | Bought a fine battleaxe for 218 gold pieces
  6291 | D:3      | Identified the +2 battleaxe of Toytuikk {flame, Dex+3} (You
                  | bought it in a shop on level 3 of the Dungeon)
  6413 | D:7      | Bought a condenser vane for 200 gold pieces
  6790 | D:8      | Reached skill level 16 in Axes
  6791 | D:8      | Reached *** piety under Beogh
  7312 | D:8      | Reached skill level 1 in Fire Magic
  7350 | D:8      | Reached skill level 1 in Invocations
  7410 | D:8      | Noticed a two-headed ogre
  7416 | D:8      | Killed a two-headed ogre
  7678 | D:9      | Reached XP level 11. HP: 62/88 MP: 16/16
  7682 | D:9      | Identified the ring "Toag" {Dex+6 Slay+5}
  7797 | D:9      | Reached skill level 17 in Axes
  7797 | D:9      | Noticed a two-headed ogre
  7804 | D:9      | Killed a two-headed ogre
  7865 | D:9      | Found Keteoteig's Assorted Antiques.
  7873 | D:9      | Bought 2 potions of curing for 180 gold pieces
  7951 | D:9      | Found Vumogyets's Firing Range.
  8042 | D:9      | Found a broken altar of Ashenzari.
  8418 | D:9      | Found a roughly hewn altar of Beogh.
  8419 | D:9      | Found a staircase to the Orcish Mines.
  8672 | Orc:1    | Entered Level 1 of the Orcish Mines
  8699 | Orc:1    | Reached **** piety under Beogh
  8733 | Orc:1    | Found a roughly hewn altar of Beogh.
  8822 | Orc:1    | Reached skill level 5 in Shields
  8824 | Orc:1    | Noticed an orc sorcerer
  9370 | Orc:2    | Entered Level 2 of the Orcish Mines
  9370 | Orc:2    | Found a staircase to the Elven Halls.
  9377 | Orc:2    | Noticed an orc knight
  9377 | Orc:2    | Noticed an orc sorcerer
  9379 | Orc:2    | Noticed an orc warlord
  9383 | Orc:2    | Reached skill level 1 in Stealth
  9389 | Orc:2    | Succumbed to an orc warlord's poison

Illustrated notes

Levels and vault maps discovered:
D:1:      wander_arrival_lonely_grave, layout_rooms, serial_shops, shop
D:2:      layout_basic, uniq_robin
D:3:      layout_loops_ring, lemuel_round_altar, jmf_multi_god_temple2,
          serial_shops, nicolae_shop_dealshenge,
          nicolae_shop_pleasant_corner_grove, shop, nicolae_shop_real_fake_doors
D:4:      layout_basic, nemelex_dance_club_becter, minmay_misc_feat_tower,
          minmay_fractal_squares_diagonal_5, uniq_pikel
D:5:      layout_loops_corners, marbit_many_paths, lemuel_round_altar,
          lemuel_blue_sif_altar, minmay_temple_entry_statues_fountains,
          grunt_decor_resistance, nicolae_zen_rock_garden, uniq_ijyb,
          uniq_prince_ribbit1
D:6:      layout_loops_corners, serial_shops, shop
D:7:      layout_loops_ring, nicolae_wu_jian_wuxing_cycle, enter_bailey_2,
          hangedman_abyss_or_decor_lesser_grid, nicolae_shop_clearance
D:8:      layout_basic, wad_mini_maze
D:9:      layout_stronghold, nicolae_ashenzari_panopticon, david_orc_5,
          serial_shops, nicolae_inconvenience_store, minivault_25, st_stairs_7,
          nicolae_shop_firing_range
Temple:   pf_slime_end_temple
Orc:1:    layout_diamond_mine, basic_altar
Orc:2:    st_orc_open, layout_caves, roderic_batcave

Skill      XL: |  1  2  3  4  5  6  7  8  9 10 11 |
---------------+----------------------------------+-----
Axes           | 3 4 5 8 10 14 16 17 | 17.1
Spellcasting   | 1 2 3 4 |  4.1
Fighting       | 4 5 6 |  6.2
Armour         | 4 5 6 |  6.5
Dodging        | 1 2 |  2.6
Shields        | 4 5 |  5.0
Fire Magic     | 2 |  2.8
Invocations    | 2 3 |  3.8
Stealth        | 1 |  1.1
Conjurations   | |  0.1

Action                     |  1- 3 |  4- 6 |  7- 9 | 10-12 || total
---------------------------+-------+-------+-------+-------++-------
  Melee: War axe           |    91 |   124 |   173 |   196 ||   584
  Throw: Boomerang         |       |       |     3 |       ||     3
   Cast: Magic Dart        |       |       |    11 |       ||    11
 Invoke: Convert to Beogh  |       |       |     1 |       ||     1
    Use: Scroll            |       |       |    11 |     5 ||    16
         Potion            |       |       |       |     1 ||     1
 Armour: Scale mail        |    50 |    98 |   104 |   119 ||   371
  Dodge: Dodged            |    38 |    60 |    74 |    52 ||   224
  Block: Buckler           |    10 |    26 |    55 |    60 ||   151
         Reflection        |       |       |     7 |     4 ||    11

Table legend: (Time is in decaauts)
 A = Elapsed time spent in this place.
 B = Non-inter-level travel time spent in this place.
 C = Inter-level travel time spent in this place.
 D = Time resting spent in this place.
 E = Time spent auto-exploring this place.
 F = Levels seen in this place.
 G = Mean time per level.
                   A        B        C        D        E       F      G
               +--------+--------+--------+--------+--------+-----+--------+
         Total |   9592 |   8978 |    614 |    103 |   6920 |  13 |  737.8 |
       Dungeon |   8528 |   7965 |    563 |      0 |   6354 |   9 |  947.6 |
        Temple |      1 |      1 |      0 |      0 |      0 |   1 |    1.0 |
  Orcish Mines |    719 |    668 |     51 |    100 |    491 |   2 |  359.5 |
        Bailey |    343 |    343 |      0 |      3 |     75 |   1 |  343.0 |
               +--------+--------+--------+--------+--------+-----+--------+

Top non-repeatable levels by time:
     D:5: 1363 daAuts
     D:6: 1247 daAuts
     D:8: 1150 daAuts
     D:9: 1104 daAuts
     D:3: 969 daAuts
     D:7: 805 daAuts
     D:4: 725 daAuts
   Orc:1: 699 daAuts
     D:2: 633 daAuts
     D:1: 529 daAuts
  Bailey: 343 daAuts
   Orc:2: 19 daAuts
  Temple: 1 daAuts
